Map: Orbital Shipyard

Players

LilDicky - Winner!

  • Race: Protoss Protoss
  • League: Platinum

ShuKoN

  • Race: Zerg Zerg

VOD

http://www.twitch.tv/tumescentpie

Description

Time

  • Played on: Nov. 20, 2015, 7:26 p.m.
  • Length: 21:58
Show
View Real Time Build Order
Export as new Build Order

LilDicky Protoss - Winner!

Build Orders: Nexus First 

Get SALT Encoding   

  12  0:02  Probe (Chrono Boost)  
  13  0:12  Probe (Chrono Boost)  
  14  0:24  Pylon  
  14  0:27  Probe (Chrono Boost)  
  16  0:43  Probe (Chrono Boost)  
  16  0:53  Probe (Chrono Boost)  
  17  0:59  Nexus  
  17  1:11  Probe (Chrono Boost)  
  17  1:18  Gateway  
  18  1:22  Probe (Chrono Boost)  
  19  1:33  Assimilator  
  19  1:46  Pylon  
  19  1:53  Probe (Chrono Boost)  
  20  2:07  Cybernetics Core  
  20  2:08  Zealot (Chrono Boost)  
  20  2:10  Probe  
  23  2:22  Probe  
  24  2:23  Probe  
  25  2:32  Zealot (Chrono Boost)  
  25  2:34  Probe x2 (Chrono Boost)  
  29  2:44  Probe (Chrono Boost), Warp Gate (Chrono Boost)  
  29  2:45  Probe  
  31  2:51  Assimilator  
  31  2:58  Stalker  
  33  3:08  Probe  
  34  3:17  Pylon  
  34  3:18  Probe  
  34  3:19  Assimilator  
  35  3:24  Assimilator  
  35  3:28  Probe  
  35  3:29  Probe  
  37  3:39  Probe  
  38  3:41  Probe  
  39  3:49  Probe  
  38  4:03  Probe  
  38  4:05  Nexus  
  38  4:09  Probe  
  39  4:11  Pylon  
  40  4:24  Mothership Core (Chrono Boost), Probe (Chrono Boost)  
  40  4:25  Pylon  
  43  4:35  Probe (Chrono Boost)  
  43  4:36  Pylon  
  44  4:44  Probe (Chrono Boost)  
  45  4:54  Stargate  
  45  4:56  Gateway  
  45  4:58  Gateway, Probe (Chrono Boost)  
  45  4:59  Probe (Chrono Boost)  
  47  5:00  Gateway  
  47  5:01  Pylon  
  47  5:05  Pylon  
  47  5:09  Probe (Chrono Boost)  
  47  5:10  Probe (Chrono Boost)  
  47  5:12  Pylon  
  49  5:19  Probe (Chrono Boost)  
  50  5:24  Forge  
  50  5:25  Pylon  
  50  5:26  Pylon  
  50  5:28  Probe (Chrono Boost)  
  51  5:30  Probe (Chrono Boost)  
  46  6:23  Stalker  
  48  6:36  Stalker x3  
  54  6:45  Void Ray (Chrono Boost)  
  58  6:48  Photon Cannon  
  58  7:02  Probe (Chrono Boost)  
  58  7:03  Probe (Chrono Boost)  
  60  7:09  Stalker  
  60  7:11  Zealot  
  60  7:12  Zealot x2  
  68  7:24  Nexus  
  68  7:26  Void Ray (Chrono Boost)  
  68  7:27  Photon Cannon  
  68  7:28  Pylon  
  72  7:30  Pylon  
  72  7:39  Pylon  
  72  7:40  Pylon  
  72  7:47  Probe  
  72  7:48  Probe  
  72  7:49  Fleet Beacon, Pylon  
  74  7:58  Probe  
  74  8:00  Probe, Stargate  
  74  8:03  Stargate  
  76  8:06  Pylon  
  76  8:07  Pylon  
  76  8:08  Probe  
  76  8:12  Probe  
  78  8:14  Photon Cannon  
  78  8:16  Photon Cannon  
  78  8:18  Photon Cannon  
  78  8:19  Probe  
  78  8:20  Nexus  
  79  8:30  Probe  
  79  8:32  Probe, Photon Cannon  
  81  8:35  Zealot x2  
  81  8:36  Zealot  
  81  8:39  Zealot  
  81  8:40  Nexus  
  89  8:44  Probe  
  90  8:51  Carrier (Chrono Boost)  
  96  8:57  Assimilator  
  96  9:01  Probe x2  
  96  9:02  Assimilator  
  95  9:03  Probe  
  98  9:12  Probe  
  99  9:18  Probe  
  99  9:20  Probe  
  99  9:22  Zealot x4  
  109  9:30  Photon Cannon  
  107  9:33  Probe x2, Pylon  
  107  9:34  Probe x2  
  107  9:35  Photon Cannon  
  105  9:40  Pylon  
  105  9:44  Probe x2  
  107  9:52  Assimilator  
  107  9:53  Probe  
  107  9:54  Probe  
  107  9:57  Assimilator  
  109  10:04  Protoss Air Weapons Level 1, Photon Cannon  
  109  10:05  Pylon  
  109  10:07  Cybernetics Core  
  109  10:11  Carrier (Chrono Boost)  
  121  10:22  Carrier (Chrono Boost)  
  121  10:25  Twilight Council  
  121  10:46  Nexus  
  103  11:11  Carrier (Chrono Boost)  
  103  11:20  Probe  
  103  11:21  Probe  
  105  11:25  Carrier (Chrono Boost)  
  101  11:39  Mothership Core  
  103  11:48  Carrier (Chrono Boost)  
  103  11:52  Charge  
  103  11:53  Dark Shrine  
  106  12:37  Carrier (Chrono Boost)  
  106  12:39  Tempest (Chrono Boost)  
  106  12:40  Assimilator  
  106  12:41  Assimilator  
  106  12:43  Probe x3  
  111  12:44  Pylon  
  111  12:47  Pylon  
  111  12:50  Pylon  
  113  13:04  Photon Cannon  
  117  13:07  Tempest (Chrono Boost), Photon Cannon  
  117  13:12  Gateway  
  117  13:14  Gateway  
  117  13:16  Gateway  
  117  13:18  Gateway  
  117  13:22  Pylon  
  117  13:26  Photon Cannon  
  117  13:36  Carrier (Chrono Boost)  
  117  13:37  Nexus  
  117  13:38  Protoss Air Armor Level 1  
  117  13:40  Protoss Air Weapons Level 2  
  123  13:44  Dark Templar x2  
  133  13:49  Dark Templar  
  135  13:56  Carrier (Chrono Boost)  
  135  13:58  Pylon  
  135  13:59  Pylon  
  135  14:00  Dark Templar  
  135  14:01  Pylon  
  135  14:51  Carrier (Chrono Boost)  
  147  14:57  Zealot x4  
  147  14:58  Zealot x4, Carrier (Chrono Boost)  
  163  15:03  Resonating Glaives  
  163  15:12  Assimilator  
  167  15:16  Assimilator  
  165  15:22  Photon Cannon, Carrier (Chrono Boost)  
  165  15:25  Photon Cannon  
  165  15:27  Photon Cannon  
  165  15:29  Photon Cannon  
  165  15:32  Photon Cannon  
  165  15:40  Robotics Facility  
  163  15:42  Pylon  
  163  15:46  Pylon  
  141  16:06  Pylon  
  141  16:24  Carrier (Chrono Boost)  
  141  16:30  Carrier (Chrono Boost)  
  141  16:31  Pylon  
  147  16:35  Dark Templar  
  147  16:38  Dark Templar  
  157  16:42  Zealot x4  
  157  16:43  Zealot x2  
  169  16:48  Carrier (Chrono Boost)  
  169  16:51  Photon Cannon  
  169  17:03  Pylon  
  169  17:04  Zealot x5  
  169  17:05  Zealot  
  181  17:11  Dark Templar  
  181  17:12  Zealot  
  173  17:26  Gateway  
  173  17:28  Gateway  
  163  17:30  Gateway  
  163  17:32  Gateway, Photon Cannon x2  
  163  17:34  Gateway  
  163  17:35  Photon Cannon  
  161  17:37  Gateway  
  161  17:41  Gateway  
  173  17:44  Carrier (Chrono Boost)  
  173  17:46  Photon Cannon  
  173  17:47  Archon  
  173  17:49  Carrier (Chrono Boost)  
  167  18:14  Zealot x2  
  167  18:15  Zealot x5  
  167  18:16  Zealot  
  181  18:46  Pylon  
  177  18:48  Photon Cannon  
  177  18:49  Photon Cannon  
  177  18:50  Gateway  
  177  18:51  Gateway  
  165  18:59  Gateway  
  165  19:05  Photon Cannon  
  165  19:10  Nexus  
  165  19:13  Assimilator  
  165  19:15  Carrier (Chrono Boost)  
  183  19:18  Assimilator  
  183  19:26  Carrier x2 (Chrono Boost)  
  183  19:32  Zealot x3  
  183  19:33  Zealot  
  183  19:35  Dark Templar  
Show
View Real Time Build Order
Export as new Build Order

ShuKoN Zerg 

Build Orders: Hatch First 

Get SALT Encoding   

  12  0:01  Drone  
  13  0:10  Drone  
  14  0:19  Overlord  
  14  0:23  Drone, Extractor  
  15  0:49  Hatchery  
  14  0:50  Drone  
  14  0:55  Drone  
  16  0:59  Drone  
  17  1:18  Drone, Spawning Pool  
  18  1:22  Drone  
  18  1:27  Drone  
  18  1:30  Extractor  
  18  1:37  Drone  
  19  1:46  Overlord  
  19  2:01  Hatchery  
  18  2:11  Drone  
  19  2:15  Drone x2  
  19  2:16  Drone  
  22  2:24  Queen  
  24  2:33  Overlord, Zergling x2  
  24  2:34  Zergling x4  
  28  2:39  Drone  
  29  2:48  Drone x2  
  31  2:55  Roach Warren  
  31  2:57  Drone  
  31  2:58  Extractor  
  30  3:00  Metabolic Boost  
  30  3:01  Drone  
  31  3:07  Queen  
  31  3:09  Drone  
  33  3:16  Zergling x4  
  35  3:24  Drone  
  36  3:27  Drone  
  37  3:44  Hatchery  
  35  3:50  Drone x2  
  35  3:54  Roach x3  
  43  4:06  Overlord x2  
  43  4:19  Overlord  
  43  4:24  Queen  
  43  4:25  Drone x3  
  43  4:28  Evolution Chamber  
  43  4:29  Roach  
  43  4:30  Roach  
  51  4:37  Roach  
  55  4:38  Roach  
  55  4:42  Roach  
  55  4:44  Roach  
  59  4:48  Roach  
  59  4:50  Roach  
  63  4:57  Zerg Missile Weapons Level 1  
  63  5:02  Roach x2  
  67  5:20  Drone  
  68  5:22  Queen  
  68  5:23  Drone x3  
  68  5:24  Overlord  
  73  5:40  Overlord x2  
  72  5:52  Ravager x4  
  72  5:54  Drone x4  
  79  5:58  Lair  
  79  6:00  Drone x4  
  79  6:01  Evolution Chamber  
  79  6:02  Extractor  
  74  6:32  Roach x6  
  81  6:38  Zerg Ground Armor Level 1  
  81  6:45  Drone x2  
  81  6:46  Drone x5  
  88  6:47  Drone x2  
  88  7:02  Drone x2  
  90  7:11  Spire  
  90  7:13  Drone x2  
  91  7:17  Drone x3  
  91  7:18  Extractor  
  91  7:21  Drone  
  94  7:24  Ravager x2  
  94  7:27  Drone  
  97  7:35  Overlord  
  97  7:36  Overlord x2  
  97  7:42  Spine Crawler  
  97  7:43  Spore Crawler, Spine Crawler  
  94  7:45  Spine Crawler x2  
  94  7:46  Drone x5  
  94  7:47  Overlord x2  
  97  7:51  Extractor  
  97  7:53  Drone  
  97  7:54  Drone x2  
  97  7:55  Drone  
  97  7:57  Drone x3  
  103  7:59  Drone x2  
  103  8:03  Zerg Missile Weapons Level 2  
  103  8:04  Drone x4  
  109  8:06  Drone  
  110  8:18  Ravager x3  
  113  8:20  Drone x3  
  113  8:25  Zergling x4  
  118  8:28  Zerg Flyer Weapons Level 1  
  118  8:31  Extractor  
  118  8:34  Pneumatized Carapace  
  115  8:53  Drone  
  116  9:01  Drone  
  116  9:02  Roach x4  
  125  9:09  Drone  
  126  9:12  Zerg Ground Armor Level 2  
  126  9:16  Infestation Pit  
  125  9:17  Mutalisk  
  125  9:18  Overlord  
  125  9:19  Overlord  
  126  9:38  Drone  
  126  9:41  Hatchery  
  125  9:46  Mutalisk x4  
  125  9:48  Mutalisk  
  135  10:00  Extractor  
  135  10:05  Extractor  
  130  10:26  Overseer  
  130  10:28  Zergling x10  
  131  10:29  Zergling x16  
  131  10:30  Zergling x4  
  131  10:32  Mutalisk x5  
  148  10:50  Mutalisk  
  148  10:51  Mutalisk x3  
  138  11:08  Mutalisk x2  
  117  11:30  Ravager  
  117  11:31  Ravager x2  
  118  11:32  Mutalisk  
  118  11:33  Mutalisk  
  122  11:41  Overlord  
  122  11:51  Drone x2  
  123  12:03  Corruptor x4  
  123  12:04  Corruptor  
  133  12:20  Corruptor x3  
  137  12:28  Hatchery  
  133  12:31  Hive  
  133  12:37  Corruptor x2  
  133  12:40  Zergling x12  
  143  12:49  Overlord  
  143  12:50  Overlord  
  143  12:57  Overlord  
  143  12:58  Overlord x2  
  143  13:08  Roach x4  
  143  13:10  Roach x3  
  143  13:11  Roach  
  159  13:14  Overlord x2  
  159  13:16  Roach x2  
  163  13:21  Roach x10  
  185  13:34  Roach x5  
  185  13:35  Roach  
  185  13:40  Ravager x4  
  199  13:43  Overlord  
  199  13:48  Overlord x2  
  199  13:49  Overlord x2  
  199  14:07  Overseer x2  
  192  14:11  Overseer x2  
  183  14:35  Drone x5  
  184  14:42  Overseer x6  
  184  14:43  Spore Crawler x2  
  179  14:47  Spore Crawler  
  179  14:48  Spore Crawler x2  
  179  14:50  Spore Crawler  
  166  15:18  Drone x6  
  166  15:19  Drone x8  
  166  15:20  Drone x6  
  184  15:36  Extractor  
  184  15:41  Extractor  
  148  16:10  Zergling x2  
  148  16:11  Zergling x28  
  120  16:26  Corruptor  
  120  16:27  Corruptor x4  
  111  16:49  Drone x2  
  111  16:50  Drone  
  113  16:59  Corruptor x5, Infestor  
  113  17:00  Corruptor x6  
  89  17:35  Overseer x2  
  89  17:36  Overseer  
  85  17:39  Overlord  
  79  17:57  Zergling x6  
  79  17:58  Zergling x10  
  82  18:24  Ravager x3  
  85  18:31  Zergling x2  
  85  18:32  Roach  
  85  18:33  Roach  
  90  19:00  Drone x2  
  90  19:01  Drone x9  
  90  19:02  Drone  
  100  19:36  Corruptor  
  100  19:37  Corruptor x2  
  105  19:41  Zergling x2  
  105  19:42  Zergling x16  
Tags
 
Add a new tag
Caveats
  • Supply blocks, unpowered buildings, or Contaminate may cause inaccurate times.
  • Supply counts are checked every 10 seconds.